 Dungeon Crawl Stone Soup version 0.19.1-1-g22dce08 (webtiles) character file.

63 esteth the Slasher (level 4, 0/33 HPs)
             Began as a Merfolk Gladiator on Dec 31, 2016.
             Succumbed to an adder's poison
             ... on level 2 of the Dungeon.
             The game lasted 00:03:50 (1034 turns).

esteth the Slasher (Merfolk Gladiator)              Turns: 1034, Time: 00:03:51

Health: 0/33       AC:  6    Str: 17 (20) XL:     4   Next: 10%
Magic:  4/4        EV: 13    Int: 10 (12) God:
Gold:   75         SH:  0    Dex: 14 (15) Spells: 0 memorised, 3 levels left

rFire  . . .     SeeInvis .     a - +0 long sword
rCold  + . .     Gourm    .     b - +0 leather armour
rNeg   . . .     Faith    .     (no shield)
rPois  .         Spirit   .     c - +0 helmet
rElec  .         Reflect  .     (no cloak)
rCorr  .         Harm     .     (no gloves)
MR     .....                    e - +1 pair of boots
Stlth  +.........               (no amulet)
                                (no ring)
                                l - ring of protection from cold

@: mighty, brilliant, lethally poisoned (0 -> -14), about to teleport
A: change form in water, swift swim, stealthy swim
a: no special abilities


You were on level 2 of the Dungeon.
You were hungry.

You visited 1 branch of the dungeon, and saw 2 of its levels.

You collected 75 gold pieces.

Inventory:

Hand Weapons
 a - a +0 long sword (weapon)
Missiles
 d - 3 throwing nets (quivered)
Armour
 b - a +0 leather armour (worn)
 c - a +0 helmet (worn)
 e - a +1 pair of boots (worn)
Jewellery
 l - a ring of protection from cold (left hand)
Scrolls
 h - a scroll of teleportation
 i - a scroll of recharging {unknown}
 j - 2 scrolls of enchant weapon {unknown}
 m - 2 scrolls of identify {unknown}
 n - a scroll of amnesia {unknown}
 o - a scroll of remove curse {unknown}
Comestibles
 f - a bread ration
 k - 2 chunks of flesh


   Skills:
 - Level 2.1 Fighting
 + Level 5.3 Long Blades
 - Level 2.0 Throwing
 - Level 4.0 Dodging


You had 3 spell levels left.
You didn't know any spells.

Dungeon Overview and Level Annotations

Branches:
Dungeon (2/15)

Altars:
Trog

Annotations:
D:2 Sigmund


Message History

You feel very mighty all of a sudden.
* * * LOW HITPOINT WARNING * * *
You feel sick. The adder closely misses you.
It was a potion of brilliance.
You feel clever all of a sudden.
* * * LOW HITPOINT WARNING * * *
You feel sick. The adder bites you.
* * * LOW HITPOINT WARNING * * *
You aren't carrying any items that you can evoke.
As you read the scroll labeled WUUMEA HAJOUT, it crumbles to dust.
You feel strangely unstable.
It was a scroll of teleportation.
* * * LOW HITPOINT WARNING * * *
You feel sick. The adder bites you but does no damage. The adder misses you.
You slash the adder!
You kill the adder!
You have reached level 4!
* * * LOW HITPOINT WARNING * * *
You feel sick.
You are feeling hungry.
You die...

.........# #...........#
######### #...........###
........# #..............
........###..............
................###^.....
................+.'....##
...............†###....#
........@.......'......##
................#.#....##
................#.#....##
........#####'###.#.#'.#
........# #g# #.#.#..##
........# #.###.#.#....
........# #.#...#.#..#.
######### #.#.###.##.#.
#.#.# #....#.


There were no monsters in sight!

Vanquished Creatures
  3 adders (D:2)
  An ooze (D:1)
  2 leopard geckos (D:1)
  A ball python (D:1)
  4 giant cockroaches (D:1)
  2 goblins (D:1)
  2 hobgoblins (D:1)
  4 jackals (D:1)
  6 bats
  A kobold (D:1)
  3 rats (D:1)
29 creatures vanquished.

Notes
Turn   | Place    | Note
-------+----------+-------------------------------------------
     0 | D:1      | esteth the Merfolk Gladiator began the quest for the Orb.
     0 | D:1      | Reached XP level 1. HP: 16/16 MP: 1/1
   257 | D:1      | Reached XP level 2. HP: 19/22 MP: 2/2
   293 | D:1      | Reached skill level 4 in Long Blades
   614 | D:1      | Reached XP level 3. HP: 27/27 MP: 3/3
   858 | D:2      | Found a bloodstained altar of Trog.
   883 | D:2      | Noticed Sigmund
   986 | D:1      | Reached skill level 5 in Long Blades
  1033 | D:2      | Reached XP level 4. HP: 3/33 MP: 4/4
  1033 | D:2      | HP: 1/33 [poisoned by an adder]
  1034 | D:2      | Succumbed to an adder's poison

Skill      XL: |  1  2  3 |
---------------+----------+-----
Long Blades    | 4 5 |  5.3
Fighting       | |  2.1
Throwing       | |  2.0
Dodging        | |  4.0

Action                   |  1- 3 |  4- 6 || total
-------------------------+-------+-------++-------
Melee: Long sword        |    67 |       ||    67
  Use: Potion            |     3 |       ||     3
       Scroll            |     1 |       ||     1
Armor: Leather armour    |    24 |       ||    24
Dodge: Dodged            |    75 |       ||    75
       Rpst.: Long sword |    25 |       ||    25
